 Dungeon Crawl Stone Soup version 0.24-b1-44-g37ad8b309f (webtiles) character file.

Game seed: 11794033117087400827, levelgen mode: deterministic

1898 Mrkan the Grappler (level 8, -6/74 HPs)
             Began as a Troll Abyssal Knight on Oct 24, 2019.
             Was a Priest of Lugonu.
             Mangled by a troll (7 damage)
             ... on level 7 of the Dungeon.
             The game lasted 00:08:42 (4816 turns).

Mrkan the Grappler (Troll Abyssal Knight)           Turns: 4816, Time: 00:08:43

Health: -6/74      AC:  6    Str: 23    XL:     8   Next: 93%
Magic:  11/11      EV: 10    Int:  8    God:    Lugonu [***...]
Gold:   559        SH:  0    Dex:  9    Spells: 7/7 levels left

rFire    . . .     SeeInvis .     - Unarmed
rCold    . . .     Gourm    +   (no shield)
rNeg     . . .     Faith    .   a - +0 robe
rPois    .         Spirit   .   (helmet restricted)
rElec    .         Reflect  .   (no cloak)
rCorr    .         Harm     .   (gloves unavailable)
MR       .....                  (boots unavailable)
Stlth    +.........             (no amulet)
HPRegen  0.62/turn              (no ring)
MPRegen  0.12/turn              (no ring)

@: studying Armour
A: large, unfitting armour, claws 3, fast metabolism 3, gourmand, regeneration
1, shaggy fur 1, tough skin 3
a: Depart the Abyss, Bend Space, Banish, Renounce Religion


You were on level 7 of the Dungeon.
You worshipped Lugonu.
Lugonu was most pleased with you.
You were very full.

You visited 1 branch of the dungeon, and saw 7 of its levels.
You visited the Abyss 1 time.

You collected 559 gold pieces.

Inventory:

Missiles
 x - 61 stones (quivered)
Armour
 a - a +0 robe (worn)
 o - a +0 cloak
 w - a cursed +0 cloak
Jewellery
 g - a +5 ring of intelligence {unknown}
 k - an uncursed ring of wizardry {unknown}
 A - an uncursed amulet of faith {unknown}
 C - a +5 ring of dexterity
 E - an uncursed ring of resist corrosion {unknown}
 H - an uncursed ring of poison resistance {unknown}
Wands
 s - a wand of enslavement (6)
 u - a wand of paralysis (15)
 y - a wand of iceblast (8)
 z - a wand of flame (13)
Scrolls
 c - 2 scrolls of fear {unknown}
 d - a scroll of vulnerability {unknown}
 e - 5 scrolls of identify {unknown}
 f - 2 scrolls of enchant armour {unknown}
 h - 5 scrolls of teleportation {unknown}
 l - 4 scrolls of magic mapping {unknown}
 m - 6 scrolls of remove curse {unknown}
 q - 2 scrolls of fog {unknown}
 G - a scroll of enchant weapon {unknown}
Potions
 i - a potion of brilliance {unknown}
 j - a potion of cancellation
 n - a potion of lignification {unknown}
 p - a potion of berserk rage {unknown}
 r - 2 potions of flight
 t - a potion of haste {unknown}
 v - a potion of magic {unknown}
 D - 3 potions of curing {unknown}
 F - a potion of might {unknown}
Books
 B - a manual of Armour
Comestibles
 b - 13 rations


   Skills:
 - Level 2.4 Fighting
 - Level 1.9 Dodging
 * Level 9.7 Unarmed Combat
 + Level 6.3 Invocations


You had 7 spell levels left.
You didn't know any spells.
Your spell library was empty.

Dungeon Overview and Level Annotations

Branches:
Dungeon (7/15)
 Temple: D:4-7

Altars:
Fedhas
Gozag
Kikubaaqudgha
Okawaru
The Shining One
Beogh


Innate Abilities, Weirdness & Mutations

You are too large for most types of armour.
You have claws for hands.
Your metabolism is lightning-fast.
You like to eat raw meat.
Your natural rate of healing is unusually fast.
You are covered in fur. (AC +1)
You have extremely tough skin. (AC +3)


Message History

The ogre shouts!
The troll bites you! The troll claws you! The troll closely misses you.
You claw the troll!
The troll is moderately wounded.
The troll bites you! The troll claws you. x2
You claw the troll!
The troll is heavily wounded.
You barely miss the troll.
The troll is heavily wounded.
The troll bites you! The troll claws you.
* * * LOW HITPOINT WARNING * * *
The troll barely misses you.
You closely miss the troll.
The troll is heavily wounded.
The troll bites you!
* * * LOW HITPOINT WARNING * * *
The troll claws you!
* * * LOW HITPOINT WARNING * * *
The troll claws you!
You die...

#.#.......#
#.(..O....#
#.....#
#.....###
+.......#
#....##.#
#....##O#
#######T#
#@# #.# #.#
#########.#
..........#
..........##
...........#
...........#
...........#


You could see a troll and an ogre.

Vanquished Creatures
  The ghost of Emblim88 the Ruffian, a novice TrMo of Qazlal (D:5)
  Edmund (D:4)
  An ice beast (D:6)
  2 sky beasts (D:6)
  The ghost of aduken the Scratcher, an amateur FeTm (D:4)
  3 centaurs
  The ghost of Mrkan the Slasher, an amateur TeBe of Trog (D:3)
  A jelly (D:6)
  2 hounds (D:4)
  2 orc priests
  A gnoll shaman (D:4)
  5 worker ants
  An iguana (D:6)
  A hound zombie (D:6)
  8 adders
  8 gnolls (D:4)
  An ooze (D:3)
  An adder skeleton (D:6)
  A worm (D:5)
  3 leopard geckos
  14 orcs
  7 bats
  3 giant cockroaches
  5 goblins
  4 hobgoblins
  5 jackals
  6 kobolds
  3 quokkas
  3 ball pythons
  3 frilled lizards
  2 leopard gecko skeletons (D:6)
  7 rats
107 creatures vanquished.

Vanquished Creatures (others)
  A bush (D:6)
  A plant (D:4)
2 creatures vanquished.

Grand Total: 109 creatures vanquished

Notes
Turn   | Place    | Note
-------+----------+-------------------------------------------
     0 | Abyss:1  | Mrkan the Troll Abyssal Knight began the quest for the Orb.
     0 | Abyss:1  | Reached XP level 1. HP: 22/22 MP: 1/1
    26 | Abyss:2  | Noticed an insubstantial wisp
    28 | Abyss:2  | Noticed an insubstantial wisp
    34 | Abyss:2  | Noticed a raiju
    60 | Abyss:2  | HP: 1/22 [raiju/living lightning (17)]
    61 | D:1      | Escaped the Abyss
   286 | D:1      | Reached XP level 2. HP: 29/29 MP: 2/2
   676 | D:1      | Reached * piety under Lugonu
   778 | D:2      | Reached skill level 3 in Unarmed Combat
   868 | D:2      | Reached XP level 3. HP: 27/36 MP: 3/3
   915 | D:2      | Found a glowing golden altar of the Shining One.
  1279 | D:2      | Found an iron altar of Okawaru.
  1285 | D:2      | Reached XP level 4. HP: 44/44 MP: 4/4
  1581 | D:3      | You fall into a shaft and drop 1 floor!
  1635 | D:4      | Reached ** piety under Lugonu
  1635 | D:4      | Reached skill level 4 in Unarmed Combat
  1658 | D:4      | Reached XP level 5. HP: 49/50 MP: 6/6
  1782 | D:3      | Reached skill level 5 in Unarmed Combat
  1824 | D:3      | Found a faded altar of an unknown god.
  1993 | D:3      | Found a runed translucent gate.
  1994 | D:3      | Found a runed translucent gate.
  1995 | D:3      | Found a runed translucent gate.
  1997 | D:3      | Noticed Mrkan's ghost (amateur TeBe)
  2003 | D:3      | Identified the cursed +0 chain mail "Wuowk" {+Fly rN+ MR+}
  2047 | D:3      | Found a roughly hewn altar of Beogh.
  2091 | D:3      | Killed Mrkan's ghost
  2091 | D:3      | Reached XP level 6. HP: 24/59 MP: 7/7
  2349 | D:4      | Noticed aduken's ghost (amateur FeTm)
  2363 | D:4      | Noticed Edmund
  2398 | D:4      | Killed Edmund
  2398 | D:4      | Reached skill level 6 in Unarmed Combat
  2458 | D:4      | Found a transporter.
  2459 | D:4      | Found a transporter.
  2573 | D:4      | Reached XP level 7. HP: 60/66 MP: 9/9
  2772 | D:4      | Reached *** piety under Lugonu
  2853 | D:4      | HP: 3/66 [aduken's ghost (10)]
  2855 | D:4      | Killed aduken's ghost
  2855 | D:4      | Reached skill level 7 in Unarmed Combat
  3043 | D:5      | Entered Level 5 of the Dungeon
  3239 | D:5      | Found a blossoming altar of Fedhas.
  3239 | D:5      | Found an ancient bone altar of Kikubaaqudgha.
  3523 | D:5      | Found a runed translucent door.
  3523 | D:5      | Noticed Emblim88's ghost (novice TrMo)
  3538 | D:5      | Found an opulent altar of Gozag.
  3709 | D:5      | Killed Emblim88's ghost
  3709 | D:5      | Reached skill level 8 in Unarmed Combat
  3709 | D:5      | Reached skill level 5 in Invocations
  3709 | D:5      | Reached XP level 8. HP: 21/74 MP: 9/11
  3887 | D:6      | Reached skill level 9 in Unarmed Combat
  4285 | D:6      | Found a blossoming altar of Fedhas.
  4800 | D:7      | Noticed a troll
  4816 | D:7      | HP: 1/74 [troll (9)]
  4816 | D:7      | Mangled by a troll

Skill      XL: |  1  2  3  4  5  6  7  8 |
---------------+-------------------------+-----
Invocations    | 2 3 4 5 6 |  6.3
Unarmed Combat | 3 4 5 6 8 9 |  9.7
Fighting       | |  2.4
Dodging        | |  1.9

Action                   |  1- 3 |  4- 6 |  7- 9 || total
-------------------------+-------+-------+-------++-------
Melee: Unarmed           |    91 |   162 |   147 ||   400
       Punch             |       |     2 |     1 ||     3
Invok: Depart the Abyss  |     1 |       |       ||     1
  Use: Potion            |       |       |     4 ||     4
 Stab: Sleeping          |     1 |       |       ||     1
  Eat: Chunk             |    17 |    12 |    20 ||    49
Armor: Robe              |    44 |    37 |    32 ||   113
Dodge: Dodged            |    83 |    73 |    62 ||   218
